 Dungeon Crawl Stone Soup version 0.17.1-2-g5865329 (webtiles) character file.

73 Jerry the Ducker (level 4, 0/28 HPs)
             Began as an Octopode Wizard on Feb 10, 2016.
             Slain by a steam dragon (1 damage)
             ... on level 3 of the Dungeon.
             The game lasted 00:08:10 (1983 turns).

Jerry the Ducker (Octopode Wizard)                  Turns: 1983, Time: 00:08:10

Health: 0/28       AC:  1    Str:  5    XL:     4   Next: 27%
Magic:  7/8        EV: 12    Int: 20    God:
Gold:   106        SH:  0    Dex: 10    Spells: 1 memorised, 8 levels left

rFire  . . .     SeeInvis .     m - +0 dagger (elec)
rCold  . . .     Clarity  .     (no shield)
rNeg   . . .     SustAt   .     a - +0 hat
rPois  +         Gourm    .     (no amulet)
rElec  .         Spirit   .     l - -2 ring of strength (curse)
rCorr  .         Warding  .     q - ring of poison resistance
rMut   .         Stasis   .     (no ring)
MR     .....                    (no ring)
Stlth  +++.......               (no ring)
                                (no ring)
                                (no ring)
                                (no ring)

@: not resistant to hostile enchantments, fairly stealthy
A: almost no armour, amphibious, 8 rings, constrict 8, camouflage 1, gelatinous
body 1
a: no special abilities


You were on level 3 of the Dungeon.
You were not hungry.

You visited 1 branch of the dungeon, and saw 3 of its levels.

You collected 106 gold pieces.

Inventory:

Hand Weapons
 d - a +0 club
 i - a +0 short sword
 m - a +0 dagger of electrocution (weapon)
Armour
 a - a +0 hat (worn)
Jewellery
 l - a cursed -2 ring of strength (left tentacle)
 q - a ring of poison resistance (right tentacle)
Scrolls
 h - a scroll of amnesia
Potions
 e - a potion of resistance {unknown}
 j - a potion of agility {unknown}
 k - a potion of heal wounds {unknown}
 n - 3 potions of curing
 o - a potion of might {unknown}
Books
 b - a book of Minor Magic

   Spells                             Type                      Level
   a - Magic Dart                     Conjuration                  1
   b - Blink                          Translocation                2
   c - Call Imp                       Summoning                    2
   d - Repel Missiles                 Charms/Air                   2
   e - Slow                           Hexes                        2
   f - Conjure Flame                  Conjuration/Fire             3
   g - Mephitic Cloud                 Conjuration/Poison/Air       3
Comestibles
 c - a bread ration
 f - a beef jerky
 g - a meat ration


   Skills:
 + Level 1.5 Fighting
 + Level 3.1 Dodging
 - Level 2.6 Stealth
 - Level 3.0 Spellcasting
 + Level 2.4 Conjurations
   Level 1.0 Summonings
   Level 1.0 Translocations


You had 8 spell levels left.
You knew the following spells:

 Your Spells              Type           Power        Failure   Level  Hunger
a - Magic Dart            Conj           ##..         6%          1    None


Dungeon Overview and Level Annotations

Branches:
Dungeon (3/15)

Altars:


Innate Abilities, Weirdness & Mutations

You cannot wear most types of armour.
You are amphibious.
You can wear up to eight rings at the same time.
You can use your tentacles to constrict eight enemies at once.
Your skin changes colour to match your surroundings (Stealth).
Your rubbery body absorbs attacks (AC +1).


Message History

The magic dart hits the hobgoblin.
The hobgoblin is severely wounded.
Casting: Magic Dart
Confirm with . or Enter, or press ? or * to list all spells.
Aiming: Magic Dart
Press: ? - help, Shift-Dir - straight line, f/p - hobgoblin
Aim: a hobgoblin, wielding a club (severely wounded)
The magic dart hits the hobgoblin.
You kill the hobgoblin!
A steam dragon comes into view.
The steam dragon bites you! The steam dragon closely misses you.
You barely miss the steam dragon. The steam dragon bites you.
The steam dragon closely misses you.
You barely miss the steam dragon. The steam dragon bites you.
The steam dragon claws you.
You hit the steam dragon but do no damage.
The steam dragon bites you!
* * * LOW HITPOINT WARNING * * *
The steam dragon claws you.
You die...

. ... . ....###
#######..
.......###........
# #D@.#........ #.
###..!.......
#.######........
#.#...............
..................
.####..##........
###.###....)...
#.##.).##.........
........<..........


You could see a steam dragon.

Vanquished Creatures
  An adder (D:2)
  2 oozes
  An adder zombie (D:1)
  3 worms (D:2)
  3 giant geckos
  3 bats
  A bat zombie (D:1)
  3 giant cockroaches
  6 goblins
  2 hobgoblins
  7 kobolds
  2 ball pythons (D:2)
  3 giant newts
  4 rats
41 creatures vanquished.

Notes
Turn   | Place    | Note
--------------------------------------------------------------
     0 | D:1      | Jerry the Octopode Wizard began the quest for the Orb.
     0 | D:1      | Reached XP level 1. HP: 11/11 MP: 4/4
   176 | D:1      | Reached XP level 2. HP: 18/18 MP: 0/6
   744 | D:1      | Reached skill level 1 in Fighting
   934 | D:1      | Reached XP level 3. HP: 23/23 MP: 3/7
  1465 | D:2      | Reached XP level 4. HP: 18/28 MP: 8/8
  1977 | D:3      | Noticed a steam dragon
  1983 | D:3      | HP: 1/28 [steam dragon (8)]
  1983 | D:3      | Slain by a steam dragon

Action                   |  1- 3 |  4- 6 || total
-------------------------+-------+-------++-------
Melee: Club              |     7 |       ||     7
       Unarmed           |     3 |       ||     3
       Short sword       |    10 |       ||    10
       Dagger            |    30 |     7 ||    37
 Cast: Magic Dart        |    59 |    19 ||    78
  Use: Scroll            |     2 |     2 ||     4
 Stab: Sleeping          |     5 |     2 ||     7
  Eat: Chunk             |     1 |     2 ||     3
